 Dungeon Crawl Stone Soup version 0.19.1 (webtiles) character file.

181 Ice the Ducker (level 5, -1/48 HPs)
             Began as a Minotaur Berserker on Dec 10, 2016.
             Was a Believer of Trog.
             Slain by a jackal (3 damage)
             ... on level 3 of the Dungeon.
             The game lasted 00:05:54 (1863 turns).

Ice the Ducker (Minotaur Berserker)                 Turns: 1863, Time: 00:05:54

Health: -1/48      AC:  6    Str: 21    XL:     5   Next: 34%
Magic:  4/4        EV: 12    Int:  9    God:    Trog [**....]
Gold:   47         SH:  0    Dex: 11    Spells: 0 memorised, 4 levels left

rFire  . . .     SeeInvis .     a - +0 mace
rCold  . . .     Gourm    .     u - +0 scale mail
rNeg   . . .     Faith    .     (no shield)
rPois  .         Spirit   .     (helmet restricted)
rElec  .         Reflect  .     (no cloak)
rCorr  .         Harm     .     (no gloves)
MR     .....                    (no boots)
Stlth  ..........               (no amulet)
                                (no ring)
                                (no ring)

@: brilliant, exhausted, slowed, very slow
A: retaliatory headbutt, horns 2
a: Berserk, Trog's Hand, Burn Spellbooks, Renounce Religion


You were on level 3 of the Dungeon.
You worshipped Trog.
Trog was pleased with you.
You were hungry.

You visited 1 branch of the dungeon, and saw 3 of its levels.

You collected 47 gold pieces.

Inventory:

Hand Weapons
 a - a +0 mace (weapon)
 v - a +2 hunting sling of velocity
Missiles
 j - 46 stones
 l - 27 sling bullets
 r - a tomahawk of returning (quivered)
 t - 11 poisoned needles
Armour
 u - a +0 scale mail (worn)
Wands
 o - a wand of teleportation (4/9)
Scrolls
 d - a scroll of teleportation {unknown}
 f - a scroll of random uselessness {unknown}
 h - a scroll of fog {unknown}
 p - a scroll of noise {unknown}
 s - a scroll of remove curse {unknown}
Potions
 e - 2 potions of heal wounds {unknown}
 g - a potion of lignification {unknown}
 i - a potion of mutation {unknown}
 k - a potion of brilliance
 m - a potion of curing {unknown}
 q - a potion of flight {unknown}
Comestibles
 b - 4 chunks of flesh
 c - 2 bread rations
 n - 2 meat rations


   Skills:
 - Level 5.0 Fighting
 - Level 3.6 Maces & Flails
 - Level 2.4 Armour
 + Level 5.3 Dodging


You had 4 spell levels left.
You didn't know any spells.

Dungeon Overview and Level Annotations

Branches:
Dungeon (3/15)

Altars:


Innate Abilities, Weirdness & Mutations

You reflexively headbutt those who attack you in melee.
You have a pair of horns on your head.


Message History

You feel yourself slow down.
The jackal bites you but does no damage. x2
The gnoll hits you with a whip.
* * * LOW HITPOINT WARNING * * *
The jackal bites you.
* * * LOW HITPOINT WARNING * * *
The gnoll hits you with a whip.
* * * LOW HITPOINT WARNING * * *
The jackal bites you but does no damage.
The gnoll hits you.
* * * LOW HITPOINT WARNING * * *
The jackal bites you but does no damage.
The gnoll hits you with a whip.
* * * LOW HITPOINT WARNING * * *
The gnoll hits you but does no damage.
You can move again.
It was a potion of brilliance.
You feel clever all of a sudden. The jackal bites you.
You die...

....####.....#
...%.(......########
#...#(.............
#...#..o.#.........
.......?o.##........
.#..###.g)oo........
.......#.##go.......
.......#.##gg.......
......$...#@........
......#..h######.##
......#.#( #
.......... ....####
.. .


You could see 3 gnolls, 3 orcs and a jackal.

Vanquished Creatures
  Jessica (D:2)
  Terence (D:2)
  Natasha (D:3)
  Robin (D:2)
  3 adders
  A gnoll (D:3)
  4 dart slugs
  A leopard gecko (D:1)
  4 bats
  15 goblins
  8 hobgoblins
  2 jackals (D:1)
  2 ball pythons
  2 frilled lizards (D:1)
  3 kobolds
  5 rats
54 creatures vanquished.

Notes
Turn   | Place    | Note
-------+----------+-------------------------------------------
     0 | D:1      | Ice the Minotaur Berserker began the quest for the Orb.
     0 | D:1      | Reached XP level 1. HP: 19/19 MP: 0/0
   156 | D:1      | Reached XP level 2. HP: 21/28 MP: 1/1
   674 | D:1      | Reached skill level 5 in Fighting
   909 | D:2      | Reached XP level 3. HP: 31/36 MP: 2/2
   939 | D:2      | Noticed Terence
   945 | D:2      | Killed Terence
  1144 | D:2      | Reached ** piety under Trog
  1144 | D:2      | Reached XP level 4. HP: 42/42 MP: 3/3
  1283 | D:2      | Noticed Jessica
  1291 | D:2      | Killed Jessica
  1602 | D:2      | Noticed Robin
  1611 | D:2      | Killed Robin
  1835 | D:3      | Noticed Natasha
  1840 | D:3      | Reached XP level 5. HP: 48/48 MP: 4/4
  1851 | D:3      | Killed Natasha
  1851 | D:3      | Reached skill level 5 in Dodging
  1862 | D:3      | HP: 2/48 [gnoll/whip (5)]
  1863 | D:3      | Slain by a jackal

Skill      XL: |  1  2  3  4  5 |
---------------+----------------+-----
Fighting       | 4 5 |  5.0
Dodging        | 3 4 5 |  5.3
Maces & Flails | |  3.6
Armour         | |  2.4

Action                   |  1- 3 |  4- 6 || total
-------------------------+-------+-------++-------
Melee: Mace              |    50 |    46 ||    96
       Headbutt          |    11 |    10 ||    21
 Fire: Hunting sling     |       |     5 ||     5
Throw: Stone             |    27 |     8 ||    35
       Tomahawk          |    14 |    12 ||    26
Invok: Berserk           |       |     1 ||     1
  Use: Potion            |       |     1 ||     1
  Eat: Chunk             |     1 |     2 ||     3
Armor: Animal skin       |     9 |     4 ||    13
       Scale mail        |       |    22 ||    22
Dodge: Dodged            |    28 |    34 ||    62
